 Dungeon Crawl Stone Soup version 0.24-a0-250-g6074511 (webtiles) character file.

Game seed: 15043156203253777242

2766 Borgoz the Slicer (level 10, -1/61 HPs)
             Began as a Kobold Gladiator on Apr 14, 2019.
             Was an Initiate of Ashenzari.
             Slain by a killer bee (7 damage)
             ... on level 8 of the Dungeon.
             The game lasted 00:12:16 (8326 turns).

Borgoz the Slicer (Kobold Gladiator)                Turns: 8326, Time: 00:12:16

Health: -1/61      AC:  7    Str: 17 (19) XL:     10   Next: 1%
Magic:  10/10      EV: 19    Int:  6 (9)  God:    Ashenzari [......]
Gold:   369        SH:  0    Dex: 16 (18) Spells: 9/9 levels left

rFire    . . .     SeeInvis .   a - +0 rapier
rCold    . . .     Gourm    .   (shield restricted)
rNeg     . . .     Faith    .   l - +1 leather armour {rPois}
rPois    +         Spirit   .   c - +0 helmet
rElec    .         Reflect  .   (no cloak)
rCorr    .         Harm     .   e - +0 pair of gloves
MR       +....                  (no boots)
Stlth    +++.......             (no amulet)
HPRegen  0.20/turn              m - ring of wizardry
MPRegen  0.12/turn              p - ring of protection from magic

@: mighty, drained
A: small, carnivore
a: Curse Item, Renounce Religion


You were on level 8 of the Dungeon.
You worshipped Ashenzari.
Ashenzari was noncommittal.
You were very full.

You visited 2 branches of the dungeon, and saw 10 of its levels.

You collected 369 gold pieces.

Inventory:

Hand Weapons
 a - a +0 rapier (weapon)
 b - a +1 dagger of holy wrath
 A - the +5 trident of Uskayaw's Hatred {protect, -Tele rC++ rN++}
   (You found it on level 6 of the Dungeon)

   It grants its wielder temporary protection when it strikes (+7 to AC).
   It greatly protects you from cold.
   It greatly protects you from negative energy.
   It prevents most forms of teleportation.
Missiles
 j - 3 throwing nets (quivered)
Armour
 c - a +0 helmet (worn)
 e - a +0 pair of gloves (worn)
 l - a +1 leather armour of poison resistance (worn)
Jewellery
 m - a ring of wizardry (left hand)
 p - a ring of protection from magic (right hand)
Wands
 g - a wand of random effects (18)
 n - a wand of flame (35)
 y - a wand of iceblast (3)
Scrolls
 i - 3 scrolls of remove curse
 k - 4 scrolls of teleportation {unknown}
 o - a scroll of magic mapping {unknown}
 s - 2 scrolls of enchant weapon {unknown}
 t - a scroll of identify
 v - a scroll of fear {unknown}
 z - a scroll of blinking {unknown}
 B - 2 scrolls of enchant armour
Potions
 q - a potion of lignification
 u - 2 potions of brilliance
 w - a potion of agility
 x - a potion of haste {unknown}
 D - a potion of mutation {unknown}
 E - a potion of flight {unknown}
Comestibles
 f - 12 rations


   Skills:
 + Level 6.4(5.6) Fighting
 + Level 8.3(7.4) Short Blades
 - Level 2.1(1.4) Throwing
 * Level 6.5(5.7) Armour
 + Level 7.5(6.7) Dodging
 - Level 5.0(4.3) Stealth


You had 9 spell levels left.
You didn't know any spells.
Your spell library contained the following spells:

 Spells                   Type           Power        Failure   Level  Hunger
 Infusion                 Chrm           #...         24%         1    ##.....
 Shroud of Golubria       Chrm/Tloc      #.........   32%         2    ###....
 Song of Slaying          Chrm           #.......     32%         2    ###....
 Regeneration             Chrm/Necr      #.........   54%         3    ####...
 Spectral Weapon          Hex/Chrm       #.......     54%         3    ####...


Dungeon Overview and Level Annotations

Branches:
Dungeon (9/15)             Temple (1/1) D:5             Orc (0/2) D:9
   Lair: D:8-11

Altars:
Ashenzari
Cheibriados
Dithmenos
Elyvilon
Fedhas
Gozag
Hepliaklqana
Kikubaaqudgha
Nemelex Xobeh
Okawaru
Qazlal
Ru
Sif Muna
Trog
Uskayaw
Vehumet
Wu Jian
Xom
Yredelemnul
Zin
The Shining One

Annotations:
D:8 Joseph


Innate Abilities, Weirdness & Mutations

You are small and have problems with some larger weapons.
You are carnivorous and can eat meat at any time.


Message History

The killer bee closely misses you. The killer bee misses you.
A killer bee comes into view.
Joseph unwields a +4 hunting sling of freezing.
Joseph wields a +1 quarterstaff of protection.
Joseph barely misses you.
You hear a shout!
You hear an angry buzzing noise.
You barely miss the killer bee.
You hear an angry buzzing noise.
The killer bee stings you but does no damage.
The killer bee misses you.
You hear an angry buzzing noise. x2
You miss the killer bee. The killer bee completely misses you.
Joseph hits you with a +1 quarterstaff of protection!
* * * LOW HITPOINT WARNING * * *
The killer bee completely misses you.
The killer bee buzzes angrily.
You puncture the killer bee!
The killer bee is heavily wounded.
The killer bee stings you!
You die...

#..# #...............
#..# #...............
#..## #...........)...
#...##...............
#...................
#...y().............
##..(.....(.........
#####..y@y..............
.....?y@#...............
#......##.....y........#
####.## #@.............#
#. ..............## #
.####........## .#. #


You could see Joseph and 4 killer bees.

Vanquished Creatures
  A hippogriff (D:7)
  A hungry ghost (D:7)
  3 sky beasts (D:6)
  An orc warrior (D:7)
  A necrophage (D:6)
  2 ogres
  A centaur (D:6)
  5 bullfrogs
  A gnoll sergeant (D:7)
  A water moccasin zombie (D:7)
  2 scorpions
  A water moccasin skeleton (D:5)
  5 wights
  2 crimson imps (D:5)
  2 centaur zombies
  A bullfrog zombie (D:6)
  A quasit (D:6)
  A hound (D:6)
  A jelly (D:6)
  4 orc priests
  2 orc wizards
  A centaur skeleton (D:6)
  3 iguanas
  5 worker ants
  A hound skeleton (D:6)
  11 gnolls
  5 adders
  4 shadow imps
  5 worms
  4 dart slugs
  A leopard gecko (D:4)
  17 orcs
  3 bats
  4 giant cockroaches
  2 goblins
  5 hobgoblins
  7 jackals
  A quokka (D:3)
  5 frilled lizards
  5 kobolds
  A quokka skeleton (D:4)
  5 rats
134 creatures vanquished.

Vanquished Creatures (others)
  An orc wizard (D:3)
1 creature vanquished.

Grand Total: 135 creatures vanquished

Notes
Turn   | Place    | Note
-------+----------+-------------------------------------------
     0 | D:1      | Borgoz the Kobold Gladiator began the quest for the Orb.
     0 | D:1      | Reached XP level 1. HP: 12/12 MP: 1/1
   141 | D:1      | Reached XP level 2. HP: 17/17 MP: 2/2
   165 | D:1      | Reached skill level 1 in Stealth
   597 | D:2      | Reached skill level 1 in Armour
   643 | D:2      | Reached XP level 3. HP: 20/22 MP: 3/3
   722 | D:2      | Found a blossoming altar of Fedhas.
   744 | D:2      | Found a shimmering altar of Xom.
  1537 | D:3      | Reached XP level 4. HP: 27/27 MP: 4/4
  1614 | D:3      | Found an iron altar of Okawaru.
  1614 | D:3      | Found a stormy altar of Qazlal.
  1614 | D:3      | Found a bloodstained altar of Trog.
  1691 | D:3      | Reached XP level 5. HP: 28/32 MP: 5/5
  1908 | D:3      | Found a shadowy altar of Dithmenos.
  2001 | D:4      | Noticed an ogre
  2009 | D:4      | Killed an ogre
  2009 | D:4      | Reached XP level 6. HP: 37/37 MP: 6/6
  2057 | D:4      | Reached skill level 5 in Short Blades
  2601 | D:5      | Entered Level 5 of the Dungeon
  2707 | D:5      | Reached XP level 7. HP: 12/41 MP: 7/7
  2986 | D:5      | Found a staircase to the Ecumenical Temple.
  3043 | D:5      | Reached skill level 5 in Dodging
  3063 | Temple   | Entered the Ecumenical Temple
  3130 | Temple   | Became a worshipper of Ashenzari the Shackled
  3287 | D:5      | Found a basalt altar of Yredelemnul.
  3885 | D:6      | Got the trident of Uskayaw's Hatred {protect, -Tele rC++
                  | rN++}
  4102 | D:5      | Reached XP level 8. HP: 24/48 MP: 8/8
  4281 | D:6      | Reached skill level 6 in Short Blades
  4434 | D:6      | Reached skill level 5 in Stealth
  5008 | D:6      | Reached skill level 5 in Fighting
  5028 | D:6      | Reached skill level 5 in Armour
  5259 | D:6      | Reached XP level 9. HP: 38/54 MP: 9/9
  5513 | D:6      | Reached skill level 7 in Short Blades
  7585 | D:7      | Noticed a hippogriff
  7593 | D:7      | Killed a hippogriff
  7593 | D:7      | Reached skill level 8 in Short Blades
  8155 | D:9      | Found a staircase to the Orcish Mines.
  8314 | D:8      | Noticed Joseph
  8315 | D:8      | Reached XP level 10. HP: 38/61 MP: 10/10
  8326 | D:8      | Slain by a killer bee

Levels and vault maps discovered:
D:1:      saegor_arrival_simple_a, layout_rooms
D:2:      layout_basic, nicolae_overflow_hidden_temple, fedhas_altar_3
D:3:      layout_rooms, gammafunk_temple_overflow_claw,
          nicolae_dithmenos_through_a_glass_darkly
D:4:      layout_basic, first_ration
D:5:      layout_loops_ring, nicolae_overflow_crystal_walls,
          minmay_temple_entry_grid
D:6:      layout_rooms
D:7:      layout_cave_pools
D:8:      layout_layer_cave, david_nohive_1, fungi_pond_lemuel, uniq_joseph,
          uniq_pikel, uniq_harold
D:9:      layout_gridville, kennysheep_mini_moat, minmay_orc_entry_temple_small,
          serial_shops, nicolae_shop_crystal, nrook_guardian_serpent_double
Temple:   kb_temple_of_zot

Skill      XL: |  1  2  3  4  5  6  7  8  9 |
---------------+----------------------------+-----
Stealth        | 1 2 3 4 5 |  5.0
Armour         | 1 2 3 5 6 |  6.5
Dodging        | 4 5 6 7 |  7.5
Fighting       | 3 4 5 6 |  6.4
Short Blades   | 5 6 8 |  8.3
Throwing       | |  2.1

Action                   |  1- 3 |  4- 6 |  7- 9 | 10-12 || total
-------------------------+-------+-------+-------+-------++-------
Melee: Rapier            |    90 |   155 |   610 |     5 ||   860
Throw: Throwing net      |       |     3 |     6 |       ||     9
  Use: Potion            |     2 |     5 |     6 |     2 ||    15
       Scroll            |       |       |     6 |       ||     6
 Stab: Sleeping          |     2 |     2 |     9 |       ||    13
       Held in net/web   |       |     2 |       |       ||     2
       Distracted        |       |       |     1 |       ||     1
       Invisible         |       |       |     3 |       ||     3
  Eat: Chunk             |    10 |     4 |    17 |       ||    31
Armor: Leather armour    |    16 |    20 |   145 |     2 ||   183
Dodge: Dodged            |    55 |   135 |   567 |    11 ||   768

Table legend:
 A = Non-vault XP
 B = Vault XP
 C = Vault XP percentage of total XP
 D = Non-vault monster count
 E = Vault monster count
 F = Vault count percentage of total count
                 A         B        C        D         E       F
            +---------+---------+-------+---------+---------+-------
      Total |    3952 |       0 |   0.0 |     135 |       0 |   0.0
            +---------+---------+-------+---------+---------+-------
        D:1 |      23 |       0 |   0.0 |      13 |       0 |   0.0
        D:2 |      16 |       0 |   0.0 |       9 |       0 |   0.0
        D:3 |     110 |       0 |   0.0 |      18 |       0 |   0.0
        D:4 |     272 |       0 |   0.0 |      17 |       0 |   0.0
        D:5 |     605 |       0 |   0.0 |      21 |       0 |   0.0
        D:6 |    1405 |       0 |   0.0 |      26 |       0 |   0.0
        D:7 |    1231 |       0 |   0.0 |      25 |       0 |   0.0
        D:8 |     231 |       0 |   0.0 |       5 |       0 |   0.0
        D:9 |      59 |       0 |   0.0 |       1 |       0 |   0.0
            +---------+---------+-------+---------+---------+-------
